 Dungeon Crawl Stone Soup version 0.23.0 (webtiles) character file.

Game seed: 16589634266481971797

229841 Dazliare the Peltast (level 18, -3/244 HPs)
             Began as a Demigod Fighter on Feb 11, 2019.
             Slain by a spark wasp (14 damage)
             ... on level 3 of the Spider Nest on Feb 12, 2019.
             The game lasted 01:57:53 (47315 turns).

Dazliare the Peltast (Demigod Fighter)             Turns: 47315, Time: 01:57:54

Health: -3/244     AC: 23    Str: 28    XL:     18   Next: 9%
Magic:  21/21      EV:  7    Int:  7    God:
Gold:   2781       SH:  0    Dex: 23    Spells: 11/17 levels left

rFire    . . .     SeeInvis .   a - +6 eveningstar (vamp)
rCold    . . .     Gourm    .   c - +0 large shield
rNeg     + + +     Faith    .   e - +6 chain mail "Gosushri" {-Cast rN+++ Regen+ Int-5}
rPois    +         Spirit   .   V - +0 hat {MR+}
rElec    .         Reflect  .   d - +0 cloak
rCorr    +         Harm     .   y - +1 pair of gloves
MR       ++...     NoCast   +   D - +2 pair of boots {run}
Stlth    ..........             P - amulet of rage
HPRegen  0.90/turn              U - ring of poison resistance
MPRegen  0.17/turn              A - ring of resist corrosion

@: confused, berserking (expiring), lethally poisoned (-3 -> -3), corroded, very
quick
A: high mp 1
}: 1/15 runes: barnacled
a: Evoke Berserk Rage


You were on level 3 of the Spider Nest.
You were very hungry.

You visited 6 branches of the dungeon, and saw 33 of its levels.
You also visited: Gauntlet.

You collected 3613 gold pieces.
You spent 832 gold pieces at shops.

Inventory:

Hand Weapons
 a - a +6 vampiric eveningstar (weapon)
Missiles
 z - 4 throwing nets (quivered) {!f!f}
Armour
 c - a +0 large shield (worn)
 d - a +0 cloak (worn)
 e - the +6 chain mail "Gosushri" (worn) {-Cast rN+++ Regen+ Int-5}
   (You found it on level 4 of the Lair of Beasts)

   It affects your intelligence (-5).
   It renders you almost immune to negative energy.
   It prevents spellcasting.
   It increases your rate of regeneration.
 y - a +1 pair of gloves (worn)
 D - a +2 pair of boots of running (worn)
 V - a +0 hat of magic resistance (worn)
Jewellery
 r - the ring "Booshyud" {Ice +Inv rElec MR+ Str-3 Int+2}
   (You took it off a minotaur in a Gauntlet)

   [ring of ice]

   It enhances your ice magic.
   It affects your strength (-3).
   It affects your intelligence (+2).
   It makes you vulnerable to fire.
   It protects you from cold.
   It insulates you from electricity.
   It affects your resistance to hostile enchantments.
   It lets you turn invisible.
 w - an uncursed ring of protection from magic
 A - a ring of resist corrosion (right hand)
 O - the amulet "Qear" {Acrobat rF+}
   (You found it on level 1 of the Lair of Beasts)

   [amulet of the acrobat]

   It helps you evade while moving and waiting.
   It protects you from fire.
 P - an amulet of rage (around neck)
 U - a ring of poison resistance (left hand)
 Y - an uncursed ring of protection from fire
Wands
 o - a wand of acid (12)
 t - a wand of iceblast (3)
 u - a wand of enslavement (7)
 J - a wand of digging (15)
 R - a wand of paralysis (20)
 W - a wand of clouds (1)
 Z - a wand of disintegration (17)
Scrolls
 b - a scroll of silence
 i - 2 scrolls of brand weapon
 j - 13 scrolls of remove curse {@r2@r2}
 k - 7 scrolls of immolation
 s - 11 scrolls of fear
 x - 14 scrolls of teleportation
 C - 6 scrolls of blinking
 E - 6 scrolls of enchant armour
 F - 4 scrolls of magic mapping
 I - 2 scrolls of summoning
 N - 4 scrolls of fog
 X - 2 scrolls of vulnerability
Potions
 g - 10 potions of curing {@q1@q1}
 l - a potion of agility
 n - 5 potions of ambrosia
 p - a potion of invisibility
 q - 4 potions of mutation
 v - 2 potions of heal wounds
 B - a potion of berserk rage
 G - 5 potions of cancellation
 H - 2 potions of magic
 K - 2 potions of brilliance
 L - 3 potions of haste
 M - a potion of resistance
 Q - a potion of might
 S - 4 potions of lignification
Miscellaneous
 m - a box of beasts
 T - a phial of floods
Comestibles
 f - 55 rations
 h - 5 chunks of flesh


   Skills:
 - Level 15.0 Fighting
   Level 4.9(11.5) Axes
 - Level 15.7(16.0) Maces & Flails
 * Level 14.2 Armour
 - Level 7.0 Stealth
 + Level 16.4 Shields


You had 11 spell levels left.
You knew the following spells:

 Your Spells              Type           Power        Failure   Level  Hunger
a - Deflect Missiles      Chrm/Air       #.........   100%        6    #######

Your spell library contained the following spells:

 Spells                   Type           Power        Failure   Level  Hunger
 Animate Skeleton         Necr           N/A          99%         1    ##.....
 Apportation              Tloc           #.....       99%         1    ##.....
 Confusing Touch          Hex            #.....       99%         1    ##.....
 Flame Tongue             Conj/Fire      #....        99%         1    ##.....
 Pain                     Necr           #...         99%         1    ##.....
 Summon Small Mammal      Summ           #...         99%         1    ##.....
 Recall                   Summ/Tloc      N/A          100%        3    ####...
 Regeneration             Chrm/Necr      #.........   100%        3    ####...
 Vampiric Draining        Necr           #.........   100%        3    ####...
 Animate Dead             Necr           N/A          100%        4    #####..
 Cause Fear               Hex            #.........   100%        4    #####..
 Borgnjor's Vile Clutch   Necr/Erth      #.........   100%        5    ######.
 Silence                  Hex/Air        #.........   100%        5    ######.
 Yara's Violent Unravell  Hex/Tmut       #.........   100%        5    ######.
 Bolt of Fire             Conj/Fire      #.........   100%        6    #######
 Death Channel            Necr           #.........   100%        6    #######
 Poison Arrow             Conj/Pois      #.........   100%        6    #######
 Simulacrum               Ice/Necr       #.........   100%        6    #######
 Dragon Form              Tmut           #.........   100%        7    #######
 Haunt                    Necr/Summ      #.........   100%        7    #######
 Borgnjor's Revivificati  Necr           #.........   100%        8    #######
 Chain Lightning          Conj/Air       #.........   100%        8    #######
 Death's Door             Chrm/Necr      #.........   100%        8    #######
 Discord                  Hex            #.........   100%        8    #######
 Infestation              Necr           #.........   100%        8    #######
 Lehudib's Crystal Spear  Conj/Erth      #.........   100%        8    #######
 Necromutation            Tmut/Necr      #.........   100%        8    #######
 Dragon's Call            Summ           #.........   100%        9    #######
 Fire Storm               Conj/Fire      #.........   100%        9    #######
 Glaciate                 Conj/Ice       #.........   100%        9    #######


Dungeon Overview and Level Annotations

Branches:
Dungeon (15/15)            Temple (0/1) D:4            Lair (6/6) D:9
 Shoals (4/4) Lair:4       Spider (3/4) Lair:4        Slime (0/5) Lair:6
    Orc (2/2) D:10            Elf (3/3) Orc:2        Vaults (0/5) D:13
 Depths (0/5) D:15

Shops:
D:4 [   D:6 %   Orc:1 ?   Orc:2 *=*%*   Elf:2 }   Elf:3 :

Portals:
Trove: D:12 (give +6 demon whip)

Annotations:
D:2 exclusion: 2 downstairs
D:4 exclusion: upstairs
D:8 3 runed translucent doors, Jatjacob's ghost, novice MiBe; Yore's ghost, novice GrFi; esper6's ghost, novice DgCj; rednit's ghost, novice MiBe; rhinious's ghost, novice GrEE
D:9 exclusion: downstairs
Lair:1 exclusion: 3 oklob plants
Lair:4 exclusion: downstairs
Lair:5 2 transporters, Wolly's ghost, journeyman CeAM
Shoals:2 exclusion: 2 downstairs
Shoals:3 Ilsuiw
Shoals:4 1 runed translucent door
Spider:1 exclusion: Roxanne, Asterion; Roxanne
Spider:3 1 transporter
Orc:1 exclusion: downstairs
Elf:2 5 runed translucent doors


Innate Abilities, Weirdness & Mutations

You have an increased reservoir of magic. (+10% MP)


Message History

You spit the redback like a pig!!!
You kill the redback!
The spark wasp stings you!
* * * LOW HITPOINT WARNING * * *
The spark wasp shocks you!
* * * LOW HITPOINT WARNING * * *
The jumping spider leaps!
The redback barely misses you.
The entropy weaver hits you but does no damage.
The entropy weaver hits you!
* * * LOW HITPOINT WARNING * * *
The entropy weaver hits you but does no damage. x2
The tarantella bites you but does no damage.
The redback bites you but does no damage.
You take 36 damage, and have 30/244 hp.
Unknown command.
You miss the entropy weaver.
You feel sick.
The jumping spider leaps!
The spark wasp stings you!!
* * * LOW HITPOINT WARNING * * *
The spark wasp shocks you!
You die... #..............†...^ #####...............#..# #.^..^.................# #....#..^............... ...............####...## #............### ######. .........†#.##8# .sssss.

##...#s†y...#.?#.#.#y##.
......s@a...#a.'..# s# .
.<....s†s...#ss#.##
...#^#^.....#### ..
.......°....⌠..
....s.#.......©
...#..#...○.⌠..# .
.........####
....##..^.# #s. .


You could see 2 entropy weavers, a spark wasp, 2 jumping spiders, a tarantella
and 4 redbacks.

Vanquished Creatures
  Nikola (Elf:3)
  Jorgrun (Spider:1)
  Gastronok (Lair:3)
  A thorn hunter (Lair:1)
  Kirke (Spider:1)
  5 deep elf sorcerers
  2 emperor scorpions
  Louise (D:15)
  A ghost moth (Spider:2)
  3 deep elf elementalists (Elf:3)
  A stone giant (Orc:2)
  An ironheart preserver (D:13)
  4 entropy weavers
  A minotaur (Gauntlet)
  7 deep elf annihilators
  3 deep elf death magi
  6 merfolk javelineers
  2 deep elf high priests (Elf:3)
  2 ogre magi (Orc:2)
  A great orb of eyes (shapeshifter) (D:15)
  17 merfolk impalers
  11 hydras
  4 merfolk avatars
  A catoblepas (Lair:4)
  3 merfolk aquamancers
  A death knight (D:13)
  4 alligator snapping turtles
  11 dancing weapons
  2 centaur warriors
  5 satyrs
  12 two-headed ogres
  A tengu warrior (D:15)
  8 deep elf knights
  3 unseen horrors
  10 sea snakes
  2 deep trolls (Orc:2)
  A wizard (D:14)
  5 harpies
  4 orc knights
  10 deep elf archers
  An orange crystal statue (D:11)
  An orb spider (shapeshifter) (Elf:2)
  12 orb spiders
  21 ugly things
  An orc sorcerer (Orc:2)
  15 wolf spiders
  47 deep elf magi
  16 fauns
  4 oklob plants (Lair:1)
  10 manticores
  10 cyclopes
  9 merfolk sirens
  3 black mambas
  8 elephants
  5 water nymphs
  7 spiny frogs
  8 komodo dragons
  5 torpor snails
  2 efreet (D:14)
  3 demonic crawlers
  4 kobold demonologists
  3 rime drakes
  A freezing wraith (D:15)
  An ice devil (Gauntlet)
  28 merfolk
  15 trolls
  A tengu conjurer (D:15)
  A polar bear (shapeshifter) (D:15)
  3 polar bears (Lair:6)
  17 jumping spiders
  5 wind drakes
  5 hornets
  11 hippogriffs
  2 slime creatures (D:15)
  4 dream sheep (Shoals:2)
  12 snapping turtles
  3 shadows
  Sigmund (D:6)
  4 small abominations (Gauntlet)
  5 air elementals
  44 redbacks
  3 fire bats (Orc:2)
  A wraith (D:13)
  6 wyverns
  47 yaks
  19 tarantellas
  3 hogs (Spider:1)
  A human (D:8)
  4 water elementals
  4 basilisks
  A hungry ghost (D:12)
  2 wargs (Orc:2)
  5 swamp worms (Lair:1)
  A swamp worm (shapeshifter) (Elf:2)
  17 water moccasins
  7 porcupines
  30 orc warriors
  A hornet zombie (D:5)
  An ice beast (D:14)
  A sky beast (D:8)
  5 black bears
  A wolf (Lair:1)
  An eye of draining (D:14)
  A necrophage (D:6)
  28 ogres
  11 centaurs
  13 crocodiles
  18 bullfrogs
  Blork the orc (D:5)
  5 big kobolds
  3 scorpions
  15 killer bees
  3 electric eels
  11 wights
  10 crimson imps
  7 howler monkeys
  6 centaur zombies
  A bullfrog zombie (D:5)
  4 bullfrog skeletons
  3 jellies
  9 hounds
  2 iguanas
  21 orc priests
  22 orc wizards
  4 centaur skeletons
  Jessica (D:3)
  11 worker ants
  A killer bee zombie (D:8)
  2 hound zombies (D:9)
  3 hound skeletons
  A howler monkey zombie (D:6)
  4 gnolls (D:8)
  10 adders
  3 shadow imps
  4 white imps (Gauntlet)
  2 oozes
  An adder zombie (D:8)
  An adder skeleton (D:5)
  3 dart slugs (D:1)
  5 leopard geckos
  108 orcs
  4 giant cockroaches
  12 goblins
  5 hobgoblins
  22 jackals
  20 kobolds
  4 quokkas
  7 bats
  5 frilled lizards
  A jackal skeleton (D:5)
  2 quokka skeletons
  9 rats
  A demonic plant (Gauntlet)
  10 plants
1139 creatures vanquished.

Vanquished Creatures (others)
  A jumping spider (Spider:3)
  A swamp worm (Lair:1)
  A briar patch (Lair:1)
  A demonic plant (Gauntlet)
  3 fungi
  24 plants
  6 tentacles (Shoals:3)
37 creatures vanquished.

Grand Total: 1176 creatures vanquished

Notes
Turn   | Place    | Note
-------+----------+-------------------------------------------
     0 | D:1      | Dazliare the Demigod Fighter began the quest for the Orb.
     0 | D:1      | Reached XP level 1. HP: 18/18 MP: 3/3
   212 | D:1      | Reached XP level 2. HP: 22/25 MP: 4/4
   363 | D:1      | Reached XP level 3. HP: 23/31 MP: 5/5
  1448 | D:2      | Found a sparkling altar of Nemelex Xobeh.
  1507 | D:3      | Noticed an orc warrior
  1790 | D:3      | You fall through a shaft for 2 floors!
  1790 | D:5      | Entered Level 5 of the Dungeon
  1825 | D:5      | Reached XP level 4. HP: 28/38 MP: 6/6
  2055 | D:5      | Found a burning altar of Makhleb.
  2150 | D:5      | Reached XP level 5. HP: 46/46 MP: 7/7
  2243 | D:5      | Noticed Blork the orc
  2258 | D:5      | Killed Blork the orc
  2414 | D:5      | Noticed an ogre
  2425 | D:5      | Killed an ogre
  2425 | D:5      | Reached skill level 1 in Maces & Flails
  2425 | D:5      | Reached XP level 6. HP: 38/53 MP: 8/8
  2769 | D:4      | Found Adwuyp's Armour Boutique.
  2791 | D:3      | Found an iron altar of Okawaru.
  2920 | D:3      | Reached XP level 7. HP: 29/60 MP: 9/9
  3436 | D:4      | Reached skill level 5 in Fighting
  3786 | D:3      | Noticed Jessica
  3795 | D:3      | Killed Jessica
  4946 | D:4      | Found a staircase to the Ecumenical Temple.
  4996 | D:4      | Reached skill level 5 in Maces & Flails
  5575 | D:4      | Reached XP level 8. HP: 69/70 MP: 10/10
  5814 | D:5      | Found a hazy altar of Hepliaklqana.
  6100 | D:6      | Found a shadowy altar of Dithmenos.
  6100 | D:6      | Found a bloodstained altar of Trog.
  6132 | D:6      | Found Kemme's Food Boutique.
  6352 | D:6      | Noticed Sigmund
  6360 | D:6      | Killed Sigmund
  6771 | D:6      | Identified a +2 pair of boots of running (You found it on
                  | level 6 of the Dungeon)
  7368 | D:6      | Found an ornate altar of the Wu Jian Council.
  7698 | D:7      | Found a snail-covered altar of Cheibriados.
  7723 | D:7      | Reached XP level 9. HP: 74/79 MP: 11/11
  8348 | D:8      | Noticed a two-headed ogre
  8618 | D:8      | Noticed a cyclops
  9021 | D:8      | Found an opulent altar of Gozag.
  9033 | D:8      | Killed a cyclops
  9299 | D:8      | Found a hide-covered altar of Uskayaw.
  9602 | D:8      | Killed a two-headed ogre
  9602 | D:8      | Reached skill level 10 in Maces & Flails
  9699 | D:8      | Found a runed translucent gate.
  9699 | D:8      | Found a runed translucent gate.
  9699 | D:8      | Found a runed translucent gate.
  9701 | D:8      | Noticed Yore's ghost (novice GrFi)
  9701 | D:8      | Noticed rhinious's ghost (novice GrEE)
  9702 | D:8      | Noticed Jatjacob's ghost (novice MiBe)
  9706 | D:8      | Noticed esper6's ghost (novice DgCj)
  9716 | D:8      | Noticed rednit's ghost (novice MiBe)
 10109 | D:8      | Reached XP level 10. HP: 57/88 MP: 13/13
 10454 | D:9      | Identified the cursed +1 chain mail of Decepein {+Blink rC+
                  | Int+2}
 10748 | D:9      | Found a sacrificial altar of Ru.
 10751 | D:9      | Found a radiant altar of Vehumet.
 10987 | D:9      | Found a staircase to the Lair.
 11636 | D:10     | Entered Level 10 of the Dungeon
 11670 | D:10     | Found a staircase to the Orcish Mines.
 11670 | D:10     | Noticed a two-headed ogre
 12273 | D:10     | Reached skill level 3 in Shields
 12278 | D:10     | Killed a two-headed ogre
 12554 | D:10     | Found a roughly hewn altar of Beogh.
 12713 | Lair:1   | Entered Level 1 of the Lair of Beasts
 12840 | D:10     | Reached XP level 11. HP: 71/94 MP: 14/14
 13359 | D:10     | Reached skill level 4 in Shields
 13566 | D:11     | Learned a level 6 spell: Deflect Missiles
 13671 | D:11     | Noticed a two-headed ogre
 13677 | D:11     | Killed a two-headed ogre
 13733 | D:11     | Noticed a deep elf mage
 13734 | D:11     | Noticed a deep elf mage
 13735 | D:11     | Noticed a deep elf mage
 13760 | D:11     | Noticed an orange crystal statue
 13929 | D:11     | Reached skill level 5 in Shields
 15095 | Lair:1   | Got a glittering garnet amulet
 15276 | Lair:1   | Noticed a six-headed hydra
 15303 | Lair:1   | Killed a six-headed hydra
 15439 | Lair:1   | Reached skill level 6 in Shields
 16310 | Lair:1   | Identified the amulet "Qear" {Acrobat rF+} (You found it on
                  | level 1 of the Lair of Beasts)
 16318 | Lair:1   | Noticed a thorn hunter
 16318 | Lair:1   | an oklob plant changed into a thorn hunter
 16614 | Lair:2   | Reached XP level 12. HP: 94/101 MP: 15/15
 16741 | Lair:2   | Noticed a four-headed hydra
 16760 | Lair:2   | Killed a four-headed hydra
 17010 | Lair:2   | Reached skill level 7 in Shields
 17113 | Lair:2   | Reached skill level 15 in Maces & Flails
 17543 | Lair:3   | Noticed a four-headed hydra
 17555 | Lair:3   | Killed a four-headed hydra
 17961 | Lair:3   | Noticed a seven-headed hydra
 17969 | Lair:3   | Killed a seven-headed hydra
 18228 | Lair:3   | Noticed Gastronok
 18256 | Lair:3   | Killed Gastronok
 18256 | Lair:3   | Reached skill level 8 in Shields
 18984 | Lair:4   | Found a staircase to the Shoals.
 19300 | Lair:4   | Reached skill level 9 in Shields
 19302 | Lair:4   | Noticed a catoblepas
 19336 | Lair:4   | Killed a catoblepas
 19518 | Lair:4   | Noticed a six-headed hydra
 19531 | Lair:4   | Killed a six-headed hydra
 19837 | Lair:4   | Identified the +6 chain mail "Gosushri" {-Cast rN+++ Regen+
                  | Int-5} (You found it on level 4 of the Lair of Beasts)
 19868 | Lair:4   | Found a hole to the Spider Nest.
 20961 | Lair:5   | Reached skill level 10 in Shields
 20969 | Lair:5   | Reached XP level 13. HP: 98/107 MP: 16/16
 21175 | Lair:5   | Noticed Wolly's ghost (journeyman CeAM)
 21187 | Lair:5   | Found a transporter.
 21424 | Lair:5   | Found a transporter.
 21696 | Lair:6   | Entered Level 6 of the Lair of Beasts
 21806 | Lair:6   | Found a viscous altar of Jiyva.
 21807 | Lair:6   | Found a staircase to the Slime Pits.
 22136 | Lair:6   | Reached skill level 5 in Armour
 22193 | Lair:6   | Reached skill level 11 in Shields
 24562 | D:12     | Found a portal to a secret trove of treasure.
 24688 | D:12     | Found a sparkling altar of Nemelex Xobeh.
 25177 | D:11     | Reached XP level 14. HP: 107/115 MP: 17/17
 25208 | Orc:1    | Entered Level 1 of the Orcish Mines
 25636 | Orc:1    | Found Pibloe Avawn's Magic Scroll Boutique.
 25644 | Orc:1    | Bought a scroll of blinking for 127 gold pieces
 25818 | Orc:2    | Entered Level 2 of the Orcish Mines
 25818 | Orc:2    | Found Jokkup's Assorted Antiques.
 25860 | Orc:2    | Reached skill level 12 in Shields
 25900 | Orc:2    | Found a gate leading to a gauntlet.
 25909 | Gauntlet | Entered a Gauntlet
 25909 | Gauntlet | Found a transporter.
 25909 | Gauntlet | Found a transporter.
 25964 | Gauntlet | Found a transporter.
 25979 | Gauntlet | Found a transporter.
 25993 | Gauntlet | Found a transporter.
 26006 | Gauntlet | Found a transporter.
 26089 | Gauntlet | Found a transporter.
 26104 | Gauntlet | Found a transporter.
 26120 | Gauntlet | Found a transporter.
 26133 | Gauntlet | Found a transporter.
 26151 | Gauntlet | Found a transporter.
 26220 | Gauntlet | Found a transporter.
 26232 | Gauntlet | Found a transporter.
 26240 | Gauntlet | Found a transporter.
 26264 | Gauntlet | Found a transporter.
 26274 | Gauntlet | Found a transporter.
 26645 | Gauntlet | Identified the ring "Booshyud" {Ice +Inv rElec MR+ Str-3
                  | Int+2}
 26775 | Orc:2    | Found a staircase to the Elven Halls.
 27017 | Orc:2    | Bought a scroll labeled IFUIRITE HAULO for 35 gold pieces
 27131 | Orc:2    | Reached skill level 10 in Armour
 27662 | Orc:2    | Reached skill level 13 in Shields
 28195 | Orc:2    | Found Quag's Assorted Antiques.
 28197 | Orc:2    | Found Jeomuota's Assorted Antiques.
 28423 | Orc:2    | Found Hefes's Jewellery Shop.
 28425 | Orc:2    | Bought a faintly glowing helmet for 342 gold pieces
 28425 | Orc:2    | Identified the -2 helmet of Chimes {Int+2} (You bought it
                  | in a shop on level 2 of the Orcish Mines)
 28427 | Orc:2    | Bought a scroll labeled ZURPHI JEEHIGH for 36 gold pieces
 28433 | Orc:2    | Bought a scroll of blinking for 292 gold pieces
 28435 | Orc:2    | Found Uchodgh's Food Emporium.
 29319 | D:13     | Paralysed by a hornet for 2 turns
 29496 | D:13     | Found a gate to the Vaults.
 29496 | D:13     | Noticed an ironheart preserver
 29523 | D:13     | Killed an ironheart preserver
 30120 | D:14     | Reached skill level 10 in Fighting
 30120 | D:14     | Reached XP level 15. HP: 98/126 MP: 18/18
 30746 | D:15     | Entered Level 15 of the Dungeon
 30807 | D:15     | Noticed Louise
 30844 | D:15     | Killed Louise
 31071 | D:15     | Reached skill level 14 in Shields
 31491 | D:15     | Found a glowing golden altar of the Shining One.
 31965 | D:15     | Found a staircase to the Depths.
 32372 | Shoals:1 | Entered Level 1 of the Shoals
 32952 | Shoals:1 | HP: 3/132 [merfolk impaler/+1 antimagic trident (10)]
 35049 | Shoals:3 | Noticed Ilsuiw
 35653 | Shoals:2 | Reached XP level 16. HP: 125/144 MP: 19/19
 35720 | Shoals:3 | Reached skill level 15 in Shields
 35849 | Shoals:3 | Noticed a kraken
 37123 | Shoals:4 | Entered Level 4 of the Shoals
 38753 | Shoals:4 | Found a runed translucent door.
 39623 | Shoals:4 | Reached skill level 15 in Fighting
 39666 | Shoals:4 | Got a barnacled rune of Zot
 40457 | Elf:1    | Entered Level 1 of the Elven Halls
 41208 | Elf:1    | Reached skill level 1 in Stealth
 41636 | Elf:2    | Found Ukust's Gadget Emporium.
 42204 | Elf:2    | Found a huge runed translucent gate.
 42204 | Elf:2    | Found a huge runed translucent gate.
 42204 | Elf:2    | Found a huge runed translucent gate.
 42204 | Elf:2    | Found a huge runed translucent gate.
 42204 | Elf:2    | Found a huge runed translucent gate.
 42347 | Elf:2    | Reached XP level 17. HP: 148/156 MP: 20/20
 42712 | Elf:3    | Entered Level 3 of the Elven Halls
 42905 | Elf:3    | Noticed Nikola
 42929 | Elf:3    | Killed Nikola
 43256 | Elf:3    | Found Sinaat Xixaq's Book Boutique.
 43756 | Elf:3    | Reached skill level 5 in Stealth
 44161 | Elf:3    | Noticed a deep elf blademaster
 44163 | Elf:3    | Identified the +2 demon whip of Qefaf {freeze, Fragile rF+
                  | Stlth+}
 44471 | Spider:1 | Entered Level 1 of the Spider Nest
 44694 | Spider:1 | Noticed Jorgrun
 44710 | Spider:1 | Killed Jorgrun
 44710 | Spider:1 | Reached skill level 16 in Shields
 44981 | Spider:1 | Noticed Roxanne
 46435 | Spider:1 | Noticed Kirke
 46465 | Spider:1 | Killed Kirke
 46499 | Spider:1 | Identified the +3 shield of the Bull {rElec rF+ rCorr}
 46499 | Spider:1 | Noticed Asterion
 46943 | Spider:2 | Identified the +0 chain mail of Dyspraxia {Regen+} (You
                  | found it on level 2 of the Spider Nest)
 47129 | Spider:3 | Reached XP level 18. HP: 163/163 MP: 21/21
 47274 | Spider:3 | Found a transporter.
 47315 | Spider:3 | HP: 11/244 [spark wasp (19)]
 47315 | Spider:3 | Slain by a spark wasp

Skill      XL: |  1  2  3  4  5  6  7  8  9 10 11 12 13 14 15 16 17 18 |
---------------+-------------------------------------------------------+-----
Axes           | 2 3 4 |  4.9
Fighting       | 3 4 5 7 8 10 13 15 | 15.0
Maces & Flails | 1 3 5 7 10 12 14 15 | 15.7
Shields        | 3 6 10 11 13 14 15 16 | 16.4
Armour         | 8 10 11 13 14 | 14.2
Stealth        | 3 7 |  7.0

Action                   |  1- 3 |  4- 6 |  7- 9 | 10-12 | 13-15 | 16-18 || total
-------------------------+-------+-------+-------+-------+-------+-------++-------
Melee: War axe           |   158 |    36 |       |       |   355 |       ||   549
       Morningstar       |       |    62 |   386 |  1032 |  1002 |       ||  2482
       Eveningstar       |       |       |       |       |   856 |  1682 ||  2538
 Fire: Blowgun           |       |     3 |    20 |     8 |     1 |       ||    32
 Abil: Evoke Berserk Rag |       |       |       |       |       |     1 ||     1
Evoke: Wand              |       |       |     2 |     4 |    23 |     8 ||    37
  Use: Scroll            |     6 |     5 |    10 |    13 |    14 |     7 ||    55
       Potion            |       |     1 |       |     2 |     6 |     3 ||    12
 Stab: Invisible         |       |       |       |     4 |       |       ||     4
       Confused          |       |       |       |       |     4 |       ||     4
  Eat: Chunk             |     3 |     3 |    23 |    27 |    45 |    35 ||   136
       Ration            |       |       |       |     2 |     1 |     1 ||     4
Armor: Plate armour      |   154 |   111 |   227 |   457 |       |       ||   949
       Scale mail        |     3 |       |       |       |       |       ||     3
       Chain mail        |       |       |       |    17 |   830 |   660 ||  1507
Dodge: Dodged            |    34 |    22 |    47 |   139 |   495 |   370 ||  1107
Block: Shield            |   124 |    74 |   207 |   455 |   865 |       ||  1725
       Large shield      |       |       |       |       |   689 |  1510 ||  2199
